 Dungeon Crawl Stone Soup version 0.25.1-1-g288607f (webtiles) character file.

Game seed: 16461597034741912955

95 auberdahn the Magician (level 4, -1/32 HPs)
             Began as a Mummy Fire Elementalist on Sept 28, 2020.
             Slain by an adder (5 damage)
             ... on level 3 of the Dungeon.
             The game lasted 00:01:56 (1946 turns).

auberdahn the Magician (Mummy Fire Elementalist)    Turns: 1946, Time: 00:01:56

Health: -1/32      AC:  2    Str: 11    XL:     4   Next: 39%
Magic:  7/8        EV: 12    Int: 15    God:
Gold:   67         SH:  0    Dex: 12    Spells: 5/9 levels left

rFire    x . .     SeeInvis .   g - +2 dagger (venom)
rCold    + . .     Gourm    .   (no shield)
rNeg     + + +     Faith    .   a - +0 robe
rPois    ∞         Spirit   .   (no helmet)
rElec    .         Reflect  .   (no cloak)
rCorr    .         Harm     .   (no gloves)
MR       .....                  (no boots)
Stlth    ++........             (no amulet)
HPRegen  0.10/turn              (no ring)
MPRegen  0.11/turn              (no ring)

@: no status effects
A: no food or potions, fire vulnerability, cold resistance 1, negative energy
resistance 3, torment resistance, unbreathing
a: no special abilities


You were on level 3 of the Dungeon.
You were not hungry.

You visited 1 branch of the dungeon, and saw 3 of its levels.

You collected 67 gold pieces.

Inventory:

Hand Weapons
 e - a +0 dagger
 g - a +2 dagger of venom (weapon)
Armour
 a - a +0 robe (worn)
Scrolls
 b - a scroll of blinking {unknown}
 c - 3 scrolls of identify {unknown}
 d - a scroll of teleportation {unknown}
 f - a scroll of magic mapping {unknown}
 h - a scroll of noise {unknown}
 i - a scroll of fear {unknown}
 j - a scroll of enchant weapon {unknown}


   Skills:
 + Level 1.2 Fighting
 + Level 1.9 Dodging
 - Level 1.5 Stealth
 + Level 3.3 Spellcasting
 * Level 2.0 Conjurations
 * Level 3.1 Fire Magic


You had 5 spell levels left.
You knew the following spells:

 Your Spells              Type           Power        Failure   Level  Hunger
a - Foxfire               Conj/Fire      ##..         7%          1    N/A
b - Conjure Flame         Conj/Fire      ##......     21%         3    N/A

Your spell library contained the following spells:

 Spells                   Type           Power        Failure   Level  Hunger
 Inner Flame              Hex/Fire       #.......     30%         3    N/A
 Sticky Flame             Conj/Fire      ##......     56%         4    N/A
 Fireball                 Conj/Fire      ##........   88%         5    N/A

Dungeon Overview and Level Annotations

Branches:
Dungeon (2/15)

Altars:
Nemelex Xobeh

Annotations:
D:3 1 transporter


Innate Abilities, Weirdness & Mutations

You do not eat or drink.
Your flesh is vulnerable to fire.
You are immune to poison.
Your flesh is cold resistant. (rC+)
You are immune to negative energy. (rN+++)
You are immune to unholy pain and torment.
You can survive without breathing.


Message History

You are too injured to fight recklessly!
You completely miss the adder.
The adder is severely wounded.
The adder bites you.
* * * LOW HITPOINT WARNING * * *
The adder bites you but does no damage.
You closely miss the adder.
The adder is severely wounded.
The adder closely misses you.
You hit the adder.
The adder is severely wounded.
The adder bites you.
* * * LOW HITPOINT WARNING * * *
You closely miss the adder.
The adder is severely wounded.
The adder bites you but does no damage.
Casting: Foxfire (safe; 7% risk of failure)
Confirm with . or Enter, or press ? or * to list all spells.
You conjure some foxfire!
The adder bites you.
You die...

#######
##.....##
##..S....##
#####..@v>....#
).....♣v....♣..
####...........
#....♣.♣....
##.........#
#.♣.....♣..
.....>.....
..#.......#.
..# #.....##


You could see an adder.

Vanquished Creatures
  Jessica (D:3)
  A worker ant (D:2)
  An adder (D:2)
  2 dart slugs
  2 giant cockroaches
  3 goblins
  4 hobgoblins
  3 jackals (D:3)
  3 kobolds (D:1)
  A quokka (D:3)
  A ball python (D:3)
  2 bats (D:1)
  7 frilled lizards
  4 rats (D:1)
35 creatures vanquished.

Vanquished Creatures (others)
  53 foxfires
53 creatures vanquished.

Grand Total: 88 creatures vanquished

Notes
Turn   | Place    | Note
-------+----------+-------------------------------------------
     0 | D:1      | auberdahn the Mummy Fire Elementalist began the quest for
                  | the Orb.
     0 | D:1      | Reached XP level 1. HP: 13/13 MP: 4/4
   104 | D:1      | Reached skill level 1 in Conjurations
   389 | D:1      | Reached XP level 2. HP: 19/19 MP: 1/5
  1297 | D:2      | Reached XP level 3. HP: 16/25 MP: 5/7
  1302 | D:2      | Learned a level 3 spell: Conjure Flame
  1424 | D:2      | Reached skill level 1 in Fighting
  1669 | D:2      | Found a sparkling altar of Nemelex Xobeh.
  1705 | D:2      | You fall into a shaft and drop 1 floor!
  1705 | D:3      | Found a transporter.
  1705 | D:3      | Noticed Jessica
  1713 | D:3      | Killed Jessica
  1713 | D:3      | Reached XP level 4. HP: 28/32 MP: 4/8
  1946 | D:3      | Slain by an adder

Illustrated notes

Levels and vault maps discovered:
D:1:      minmay_arrival_five_plusses, layout_loops_ring
D:2:      layout_loops_ring, lemuel_coloured_pillars_altar,
          nemelex_xobeh_ov_fountains_minmay, minmay_cupped, uniq_robin
D:3:      gammafunk_steamed_eel, layout_rooms, chequers_ecumenical_altar_grove,
          first_ration, grunt_ministairs_10, uniq_jessica

Skill      XL: |  1  2  3 |
---------------+----------+-----
Conjurations   | 1 2 |  2.0
Spellcasting   | 3 |  3.3
Fighting       | 1 |  1.2
Fire Magic     | 3 |  3.1
Dodging        | |  1.9
Stealth        | |  1.5

Action                   |  1- 3 |  4- 6 || total
-------------------------+-------+-------++-------
Melee: Dagger            |    39 |    28 ||    67
 Cast: Foxfire           |    36 |     1 ||    37
Armor: Robe              |     8 |     6 ||    14
Dodge: Dodged            |    24 |    26 ||    50
